 Dungeon Crawl Stone Soup version 0.27-a0-909-g0721f309d1 (webtiles) character file.

Game seed: 3755908029226548929

25555 jestyr24 the Destroyer (level 12, -18/92 HPs)
             Began as a Demonspawn Conjurer on Apr 8, 2021.
             Was an Initiate of Gozag.
             Demolished by a sphinx (25 damage)
             ... summoned by Kirke
             ... while paralysed by a sphinx
             ... on level 4 of the Lair of Beasts.
             The game lasted 01:58:57 (17651 turns).

jestyr24 the Destroyer (Demonspawn Conjurer)       Turns: 17651, Time: 01:58:58

Health: -18/92     AC:  0    Str:  8    XL:     12   Next: 90%
Magic:  7/27       EV:  3    Int: 24    God:    Gozag
Gold:   1849       SH:  0    Dex: 12    Spells: 17/33 levels left

rFire    . . .     SeeInvis .   (weapon currently unavailable)
rCold    . . .     Faith    .   (shield currently unavailable)
rNeg     . . .     Spirit   .   (armour currently unavailable)
rPois    .         Reflect  +   (helmet currently unavailable)
rElec    .         Harm     .   (cloak currently unavailable)
rCorr    .         Rampage  .   (gloves currently unavailable)
Will     .....                  (boots currently unavailable)
Stlth    ++........             N - amulet of reflection
HPRegen  0.25/turn              (ring currently unavailable)
MPRegen  0.40/turn              (ring currently unavailable)

@: paralysed, pig-form, gold aura, very quick
A: fast, no casting, small, (claws 2), (icy blue scales 2), (spiny 1), magic
regeneration
a: Renounce Religion, Potion Petition, Call Merchant, Bribe Branch


You were on level 4 of the Lair of Beasts.
You worshipped Gozag.
Gozag was most pleased with you.
You were a filthy swine.
You visited 2 branches of the dungeon, and saw 16 of its levels.
You also visited: Sewer.

You collected 3093 gold pieces.
You spent 522 gold pieces at shops.
You paid 722 gold pieces to Gozag.

Inventory:

Hand Weapons
 r - a +6 spectral dagger (melded)
 M - the +9 spear "Muuxt" {antimagic, Fly rF- Str+8 Dex+5}
   (You took it off a spriggan on level 8 of the Dungeon)

   It reduces the magical energy of the wielder, and disrupts the spells and
   magical abilities of those hit.
   Natural abilities and divine invocations are not affected.
   It affects your strength (+8).
   It affects your dexterity (+5).
   It makes you vulnerable to fire.
   It grants you flight.
Missiles
 p - 19 boomerangs
 t - 6 curare-tipped darts
 A - 5 throwing nets (quivered)
 I - 7 datura-tipped darts
 J - 9 poisoned darts
Armour
 c - the +5 ring mail of Qononnok (melded) {Regen+}
   (You found it on level 3 of the Lair of Beasts)

   It increases your rate of health regeneration.
 g - the +5 helmet of the Jackalope (melded) {-Tele +Inv rPois Dex+9}
   (You took it off Robin on level 3 of the Dungeon)

   It affects your dexterity (+9).
   It protects you from poison.
   It lets you turn invisible.
   It prevents most forms of teleportation.
 n - a +2 pair of boots (melded)
 w - the +2 buckler "Tuog" (melded) {Will- Regen+ Str+3}
   (You bought it in a shop on level 1 of the Dungeon)

   It affects your strength (+3).
   It increases your rate of health regeneration.
   It decreases your willpower.
 y - a +2 cloak (melded)
 z - a +1 robe of willpower
 H - a +0 pair of gloves
Magical Staves
 E - a staff of conjuration
 X - a staff of cold
 Y - a staff of poison
Jewellery
 d - a +6 ring of intelligence (melded)
 j - a ring of see invisible
 u - a ring of willpower
 N - an amulet of reflection (around neck)
 O - a ring of fire
 P - a ring of magical power (melded)
 R - a ring of ice
 S - a ring of positive energy
 W - a ring of flight
Wands
 s - a wand of random effects (56)
 x - a wand of flame (31)
 C - a wand of digging (6)
 F - a wand of iceblast (13)
 K - a wand of polymorph (25)
 Q - a wand of paralysis (16)
 V - a wand of acid (9)
Scrolls
 a - 2 scrolls of enchant armour
 b - a scroll of fog
 e - 9 scrolls of teleportation
 G - a scroll of magic mapping
 U - a scroll of summoning
Potions
 f - 6 potions of curing
 h - 2 potions of haste
 i - a potion of degeneration {unknown}
 k - 4 potions of might
 l - 3 potions of flight
 m - 3 potions of brilliance
 o - a potion of berserk rage {unknown}
 q - 4 potions of magic
 v - a potion of mutation {unknown}
 B - a potion of cancellation {unknown}
 D - 3 potions of heal wounds
Miscellaneous
 Z - a lightning rod (4/4)


   Skills:
 - Level 8.0 Fighting
 - Level 1.6 Short Blades
 - Level 0.1 Throwing
 + Level 4.2 Armour
 - Level 1.8 Dodging
 - Level 1.8 Stealth
 - Level 5.2 Shields
 - Level 11.4 Spellcasting
 - Level 12.0 Conjurations
 - Level 2.1 Hexes
 - Level 1.1 Translocations
 - Level 5.2 Fire Magic
 - Level 5.2 Earth Magic


You had 17 spell levels left.
You knew the following spells:

 Your Spells              Type           Power      Damage    Failure   Level
a - Magic Dart            Conj           100%       1d8       1%          1
b - Searing Ray           Conj           100%       3d7       1%          2
c - Iskenderun's Mystic   Conj/Tloc      45%        2d10      3%          4
d - Fulminant Prism       Conj/Hex       23%        3d13      2%          4
e - Bolt of Magma         Conj/Fire/Erth 24%        4d12      6%          5

Your spell library contained the following spells:

 Spells                   Type           Power      Damage    Failure   Level
 Corona                   Hex            26%        N/A       1%          1
 Conjure Flame            Conj/Fire      53%        6-21      1%          3
 Dazzling Flash           Conj/Hex       94%        N/A       1%          3
 Sticky Flame             Conj/Fire      53%        2d7       1%          4
 Iskenderun's Battlesphe  Conj           63%        2d11      1%          5
 Slow                     Hex            24%        N/A       2%          2
 Mephitic Cloud           Conj/Pois/Air  32%        N/A       2%          3
 Apportation              Tloc           38%        N/A       3%          1
 Animate Skeleton         Necr           26%        N/A       4%          1
 Beastly Appendage        Tmut           26%        N/A       4%          1
 Pain                     Necr           52%        1d6       4%          1
 Summon Small Mammal      Summ           52%        N/A       4%          1
 Blink                    Tloc           N/A        N/A       4%          2
 Call Imp                 Summ           13%        N/A       7%          2
 Wereblood                Tmut           13%        N/A       7%          2
 Frozen Ramparts          Ice            26%        1d4       14%         3
 Spider Form              Tmut/Pois      6%         N/A       14%         3
 Vampiric Draining        Necr           6%         2d6       14%         3
 Animate Dead             Necr           6%         N/A       41%         4
 Ice Form                 Ice/Tmut       13%        N/A       41%         4
 Agony                    Necr           13%        N/A       77%         5
 Hydra Form               Tmut           6%         N/A       77%         5
 Freezing Cloud           Conj/Ice/Air   16%        6-21      80%         6
 Simulacrum               Ice/Necr       6%         N/A       100%        6


Dungeon Overview and Level Annotations

Branches:
Dungeon (12/15)            Temple (0/1) D:6            Lair (4/6) D:8
 Shoals (0/4) Lair:3          Orc (0/2) D:10          Sewer (visited)
  Snake: Lair:2-4    Spider: Lair:2-4

Altars:
Elyvilon
Gozag
Hepliaklqana
Kikubaaqudgha
Trog
Uskayaw
Xom
Zin
The Shining One

Shops:
D:1 [:   D:6 *   D:7 *   D:12 [

Annotations:
D:6 Duvessa
D:10 3 runed translucent doors, Zeld's ghost, journeyman OpCj; spiderkeys's ghost, journeyman OpTm
D:12 2 transporters, thegreatwait's ghost, journeyman MiMo
Lair:3 2 transporters, robertstho's ghost, journeyman DEIE
Lair:4 3 runed translucent doors, Kirke; Murgh's ghost, journeyman MiBe


Innate Abilities, Weirdness & Mutations

You are a filthy swine.
You move quickly.
Your equipment is almost entirely melded.
You are incapable of wielding weapons or throwing items.
You cannot cast spells.
((You have very sharp fingernails.))
((You are mostly covered in icy blue scales. (AC +3)))
((You are partially covered in sharp spines.))
You regenerate magic rapidly.


Message History

The blast of energy engulfs the komodo dragon!!
You kill the komodo dragon!
The blast of energy engulfs the sphinx!!
The sphinx is moderately wounded.
You hear some strange, mumbled words.
You turn into a filthy swine.
Your +6 spectral dagger melds into your body.
Your +2 cloak melds into your body.
The +5 helmet of the Jackalope {-Tele +Inv rPois Dex+9} melds into your body.
Your +2 pair of boots melds into your body.
The +2 buckler "Tuog" {Will- Regen+ Str+3} melds into your body.
The +5 ring mail of Qononnok {Regen+} melds into your body.
Your +6 ring of intelligence melds into your body.
Your ring of magical power melds into your body.
You feel stupid.
You feel your magic capacity decrease.
You are too confused!
You hit the lindwurm but do no damage.
The lindwurm is almost dead.
The sphinx casts a spell.
You struggle to resist.
You're too confused to move!
The sphinx closely misses you. The sphinx hits you!
The sphinx closely misses you.
The sphinx mumbles some strange words.
You suddenly lose the ability to move!
The sphinx hits you. The sphinx hits you! x2
You feel less confused. The sphinx hits you!
* * * LOW HITPOINT WARNING * * *
The sphinx barely misses you. The sphinx hits you.
* * * LOW HITPOINT WARNING * * *
The sphinx hits you.
* * * LOW HITPOINT WARNING * * *
The sphinx hits you.
* * * LOW HITPOINT WARNING * * *
The sphinx hits you.
* * * LOW HITPOINT WARNING * * *
The sphinx hits you!!
You die...
Your body crumbles into a pile of gold.

### ####
#.#####.P#########
##.#.##.........#.#
#.$Hh.............##
###k#...............##
#..$##................
##.$#.................
#$###..............##
#...#
###............##
#.....#
##......)......
.......##
##...........# ...hl..
#.#P.P......#


You could see a sphinx (summoned) and a lindwurm (summoned).

Vanquished Creatures
  2 hydras
  2 two-headed ogres (D:10)
  The ghost of mhtbhm the Basher, a novice GrBe of Trog (D:8)
  2 cyclopes
  A black mamba (Lair:1)
  A torpor snail (Lair:2)
  An unseen horror (D:11)
  5 cane toads
  8 komodo dragons
  2 rime drakes
  A polar bear (D:8)
  8 trolls
  11 blink frogs
  Grinder (D:6)
  A hornet (D:9)
  4 dream sheep (Lair:2)
  2 spriggans (D:8)
  2 shadows
  2 vampires
  9 yaks
  3 basilisks
  A wraith (D:10)
  2 wyverns
  7 hogs (Lair:4)
  5 vampire mosquitoes
  An acid dragon (D:8)
  3 water moccasins (Lair:2)
  A black bear (Lair:2)
  4 orc warriors
  3 ice beasts
  7 wolves
  2 sky beasts (D:7)
  2 ogres
  8 necrophages
  3 centaurs
  5 kobold brigands (Sewer)
  15 bullfrogs
  4 scorpions
  A water moccasin zombie (D:5)
  A water moccasin skeleton (D:6)
  Dowan (D:6)
  11 killer bees
  A wight (D:9)
  2 howler monkeys
  5 electric eels (D:8)
  4 centaur zombies
  8 hounds
  3 orc priests
  2 gnoll shamans
  5 iguanas
  Ijyb (D:4)
  10 orc wizards
  Robin (D:3)
  20 gnolls
  A howler monkey skeleton (D:5)
  11 adders
  3 river rats
  4 white imps
  2 ufetubi (D:5)
  6 worms
  6 dart slugs
  36 orcs
  8 ball pythons
  7 endoplasms
  4 giant cockroaches
  12 goblins
  14 hobgoblins
  6 quokkas
  8 bats
  3 frilled lizards
  11 kobolds
  10 rats
  A fulminant prism (Lair:2)
371 creatures vanquished.

Vanquished Creatures (others)
  63 fulminant prisms
  8 fungi
  12 plants
  5 withered plants (D:10)
88 creatures vanquished.

Grand Total: 459 creatures vanquished

Notes
Turn   | Place    | Note
-------+----------+-------------------------------------------
     0 | D:1      | jestyr24 the Demonspawn Conjurer began the quest for the
                  | Orb.
     0 | D:1      | Reached XP level 1. HP: 13/13 MP: 3/3
   412 | D:1      | Found a faded altar of an unknown god.
   426 | D:1      | Gained mutation: You are partially covered in sharp spines.
                  | [demonic ancestry]
   426 | D:1      | Reached XP level 2. HP: 19/19 MP: 0/5
   893 | D:1      | Found Duefekiam's Book Shoppe.
  1248 | D:1      | Reached XP level 3. HP: 25/25 MP: 3/6
  1311 | D:1      | Reached skill level 1 in Fighting
  1403 | D:1      | Found Wilopn's Antique Armour Shop.
  1883 | D:2      | Found a shimmering altar of Xom.
  2099 | D:2      | Gained mutation: You regenerate magic rapidly. [demonic
                  | ancestry]
  2099 | D:2      | Reached XP level 4. HP: 32/32 MP: 1/7
  2104 | D:2      | Reached skill level 5 in Conjurations
  2848 | D:3      | Learned a level 2 spell: Searing Ray
  3126 | D:3      | Gained mutation: You are partially covered in icy blue
                  | scales. (AC +2) [demonic ancestry]
  3126 | D:3      | Reached XP level 5. HP: 38/38 MP: 5/9
  3202 | D:3      | Identified the +5 helmet of the Jackalope {-Tele +Inv rPois
                  | Dex+9}
  3202 | D:3      | Noticed Robin
  3210 | D:3      | Killed Robin
  3818 | D:4      | Reached XP level 6. HP: 38/46 MP: 6/11
  4008 | D:4      | Noticed Ijyb
  4116 | D:4      | Killed Ijyb
  4409 | D:4      | Reached skill level 6 in Conjurations
  4772 | D:4      | Found an opulent altar of Gozag.
  4781 | D:4      | Became a worshipper of Gozag Ym Sagoz the Greedy
  4890 | D:5      | Entered Level 5 of the Dungeon
  4991 | D:5      | Gained mutation: You have sharp fingernails. [demonic
                  | ancestry]
  4991 | D:5      | Reached XP level 7. HP: 52/52 MP: 5/13
  5108 | D:5      | Reached skill level 5 in Spellcasting
  5243 | D:1      | Bought a jewelled buckler for 180 gold pieces
  5243 | D:1      | Identified the +2 buckler "Tuog" {Will- Regen+ Str+3} (You
                  | bought it in a shop on level 1 of the Dungeon)
  5498 | D:5      | Found an ancient bone altar of Kikubaaqudgha.
  5652 | D:5      | Noticed a troll
  5657 | D:5      | Killed a troll
  5658 | D:5      | Reached skill level 1 in Shields
  5658 | D:5      | Reached XP level 8. HP: 31/60 MP: 9/16
  5693 | D:5      | Found a hazy altar of Hepliaklqana.
  6169 | D:5      | Reached skill level 7 in Conjurations
  6297 | D:6      | Found a staircase to the Ecumenical Temple.
  6518 | D:6      | Found Zin's Purification Station.
  6681 | D:6      | Noticed Grinder
  6682 | D:6      | Paralysed by Grinder for 7 turns
  6694 | D:6      | Killed Grinder
  6730 | D:6      | Found a glowing drain.
  6741 | Sewer    | Entered a sewer
  6819 | Sewer    | Reached skill level 1 in Short Blades
  7307 | Sewer    | Reached XP level 9. HP: 65/67 MP: 10/19
  7448 | Sewer    | Reached skill level 8 in Conjurations
  7628 | Sewer    | Learned a level 4 spell: Iskenderun's Mystic Blast
  7633 | Sewer    | Learned a level 4 spell: Fulminant Prism
  7692 | D:6      | Reached skill level 5 in Fighting
  7732 | D:6      | Noticed Dowan
  7739 | D:6      | Killed Dowan
  7740 | D:6      | Noticed Duvessa
  8407 | D:7      | Found Ziateax's Elemental Accessories.
  8708 | D:7      | Found a hide-covered altar of Uskayaw.
  9319 | D:8      | You fall into a shaft and drop 1 floor!
  9350 | D:10     | Entered Level 10 of the Dungeon
  9350 | D:10     | Noticed a troll
  9559 | D:8      | Reached skill level 9 in Conjurations
  9751 | D:8      | Found a runed translucent door.
  9752 | D:8      | Noticed a polar bear
  9754 | D:8      | Identified the +9 spear "Muuxt" {antimagic, Fly rF- Str+8
                  | Dex+5}
  9756 | D:8      | Noticed mhtbhm's ghost (novice GrBe)
  9801 | D:8      | Reached XP level 10. HP: 76/76 MP: 12/22
 10282 | D:8      | Killed mhtbhm's ghost
 10423 | D:8      | Found a staircase to the Lair.
 11035 | D:9      | Found a bloodstained altar of Trog.
 11229 | D:9      | Reached skill level 5 in Shields
 11648 | D:9      | Reached skill level 1 in Hexes
 11883 | D:10     | Reached skill level 10 in Conjurations
 12112 | D:10     | Gained mutation: You are mostly covered in icy blue scales.
                  | (AC +3) [demonic ancestry]
 12112 | D:10     | Reached XP level 11. HP: 82/84 MP: 24/24
 12144 | D:10     | Noticed a two-headed ogre
 12157 | D:10     | Killed a two-headed ogre
 12170 | D:10     | Noticed a two-headed ogre
 12251 | D:10     | Killed a two-headed ogre
 12252 | D:10     | Reached skill level 10 in Spellcasting
 12252 | D:10     | Reached skill level 1 in Translocations
 12365 | D:10     | Identified the +5 hunting sling of Doom {freeze, rElec rF+
                  | rN++ Dex-5}
 12663 | D:10     | Found a runed translucent gate.
 12663 | D:10     | Found a runed translucent gate.
 12663 | D:10     | Found a runed translucent gate.
 12667 | D:10     | Noticed spiderkeys's ghost (journeyman OpTm)
 12667 | D:10     | Noticed Zeld's ghost (journeyman OpCj)
 12696 | D:10     | Found a staircase to the Orcish Mines.
 12855 | D:10     | Identified a scroll of acquirement
 12855 | D:10     | Acquired the Handbook of Excruciating Ice
 12863 | D:10     | Learned a level 5 spell: Bolt of Magma
 13338 | D:11     | Reached skill level 11 in Conjurations
 13476 | D:11     | Reached skill level 1 in Earth Magic
 13689 | D:11     | Reached skill level 1 in Fire Magic
 14073 | D:12     | Found a transporter.
 14081 | D:12     | Found a bloodstained altar of Trog.
 14083 | D:12     | Noticed a stone giant
 14083 | D:12     | Noticed a tengu warrior
 14083 | D:12     | Noticed thegreatwait's ghost (journeyman MiMo)
 14085 | D:12     | Noticed a two-headed ogre
 14088 | D:12     | Found a transporter.
 14095 | D:12     | Noticed a two-headed ogre
 14186 | D:12     | Bought a runed robe for 99 gold pieces
 14186 | D:12     | Bought a scorched scale mail for 243 gold pieces
 14186 | D:12     | Identified the +0 scale mail "Gupoong" {rPois rF+} (You
                  | bought it in a shop on level 12 of the Dungeon)
 14257 | D:12     | Noticed a boulder beetle
 14260 | D:12     | Noticed a two-headed ogre
 14394 | Lair:1   | Entered Level 1 of the Lair of Beasts
 15011 | Lair:1   | Gained mutation: You have very sharp fingernails. [demonic
                  | ancestry]
 15011 | Lair:1   | Reached XP level 12. HP: 70/92 MP: 20/26
 16569 | Lair:3   | Found a staircase to the Shoals.
 16715 | Lair:3   | Noticed a six-headed hydra
 16721 | Lair:3   | Killed a six-headed hydra
 16827 | Lair:3   | Found a hide-covered altar of Uskayaw.
 16857 | Lair:3   | Reached skill level 5 in Earth Magic
 16993 | Lair:3   | Found a transporter.
 17001 | Lair:3   | Found a transporter.
 17029 | Lair:3   | Reached skill level 5 in Fire Magic
 17113 | Lair:3   | Reached skill level 12 in Conjurations
 17121 | Lair:3   | Identified the +5 ring mail of Qononnok {Regen+}
 17324 | Lair:3   | Noticed a death yak
 17330 | Lair:3   | Noticed robertstho's ghost (journeyman DEIE)
 17385 | Lair:4   | Found a runed translucent gate.
 17385 | Lair:4   | Found a runed translucent gate.
 17385 | Lair:4   | Found a runed translucent gate.
 17386 | Lair:4   | Noticed Murgh's ghost (journeyman MiBe)
 17405 | Lair:4   | Reached skill level 1 in Armour
 17617 | Lair:4   | Noticed an eight-headed hydra
 17619 | Lair:4   | Noticed Kirke
 17629 | Lair:4   | Killed an eight-headed hydra
 17637 | Lair:4   | Noticed a sphinx
 17647 | Lair:4   | Paralysed by a sphinx for 7 turns
 17651 | Lair:4   | Demolished by a sphinx

Illustrated notes

Levels and vault maps discovered:
D:1:      scummos_arrival_forest, layout_basic,
          shapermc_ecumenical_altar_starsandcircs, serial_shops,
          nicolae_shop_behind_doors, shop
D:2:      layout_basic, basic_altar
D:3:      layout_loops_cross, uniq_robin
D:4:      layout_gridville, nicolae_gozag_cash_rules_everything_around_me,
          uniq_ijyb
D:5:      layout_basic, nicolae_overflow_crystal_walls, kennysheep_little_box,
          lemuel_round_altar, minmay_misc_feat_square
D:6:      layout_loops_ring, zin_purify, minmay_temple_entry_antechambers,
          gup_sewer_entry_bowl, kennysheep_generic_room_7, uniq_duvessa,
          uniq_grinder
D:7:      layout_loops_cross, nicolae_uskayaw_suspiria, minivault_24,
          amcnicky_mini_rare_corridor_liquid, st_stairs_1, grunt_ministairs_4,
          kennysheep_big_empty_room, nicolae_elemental_shop
D:8:      layout_loops_ring, erik_lair_island, ebering_ghost_funeral_grove
D:9:      layout_loops_ring, tso_oasis_becter, lemuel_tele_altar,
          lightli_fourway_metalbox
D:10:     layout_roguey, orc_0_dummy, gammafunk_ghost_cemetery,
          minmay_starry_boxes
D:11:     layout_stronghold
D:12:     layout_loops_cross, gammafunk_ghost_wrathful_warriors
Lair:1:   layout_chaotic_city
Lair:2:   layout_small_grid, roderic_carrion_pond
Lair:3:   layout_roguey, shoals_dummy_entry, gammafunk_ghost_berserking_beasts,
          basic_altar, lemuel_fruit_fields, lemuel_fruit_fields,
          infiniplex_staircase_pool_2
Lair:4:   layout_cave_pods, guppyfry_snake_entry_island,
          ebering_ghost_rock_garden, uniq_kirke

Skill      XL: |  1  2  3  4  5  6  7  8  9 10 11 12 |
---------------+-------------------------------------+-----
Fighting       | 1 2 3 4 6 7 8 |  8.0
Conjurations   | 5 6 7 9 10 11 12 | 12.0
Spellcasting   | 3 4 5 6 8 9 10 11 | 11.4
Shields        | 1 3 4 5 |  5.2
Short Blades   | 1 |  1.6
Hexes          | 1 2 |  2.1
Translocations | 1 |  1.1
Earth Magic    | 3 5 |  5.2
Fire Magic     | 3 5 |  5.2
Armour         | 4 |  4.2
Throwing       | |  0.1
Dodging        | |  1.8
Stealth        | |  1.8

Action                   |  1- 3 |  4- 6 |  7- 9 | 10-12 || total
-------------------------+-------+-------+-------+-------++-------
Melee: Unarmed           |    15 |       |       |     1 ||    16
       Dagger            |     2 |     8 |     4 |    70 ||    84
Throw: Throwing net      |       |       |       |     3 ||     3
       Boomerang         |       |       |       |     3 ||     3
 Cast: Magic Dart        |    90 |    94 |   149 |    73 ||   406
       Searing Ray       |       |    14 |    68 |    87 ||   169
       Iskenderun's Myst |       |       |     2 |    43 ||    45
       Fulminant Prism   |       |       |       |    64 ||    64
       Bolt of Magma     |       |       |       |    55 ||    55
Invok: Call Merchant     |       |       |       |     1 ||     1
  Use: Scroll            |       |     8 |     2 |    21 ||    31
 Stab: Distracted        |       |       |       |     2 ||     2
       Sleeping          |       |       |       |     1 ||     1
Armor: Robe              |     4 |     2 |    24 |    32 ||    62
       Ring mail         |       |       |       |     6 ||     6
Dodge: Dodged            |    15 |    12 |    29 |    63 ||   119
Block: Buckler           |       |       |    25 |    86 ||   111
       Reflection        |       |       |       |     3 ||     3

Table legend: (Time is in decaauts)
 A = Elapsed time spent in this place.
 B = Non-inter-level travel time spent in this place.
 C = Inter-level travel time spent in this place.
 D = Time resting spent in this place.
 E = Time spent auto-exploring this place.
 F = Levels seen in this place.
 G = Mean time per level.
                   A        B        C        D        E       F      G
               +--------+--------+--------+--------+--------+-----+--------+
         Total |  17880 |  16713 |   1167 |   2631 |  10280 |  17 | 1051.8 |
       Dungeon |  13530 |  12444 |   1086 |   1931 |   7658 |  12 | 1127.5 |
          Lair |   3260 |   3180 |     80 |    677 |   1744 |   4 |  815.0 |
         Sewer |   1089 |   1089 |      0 |     23 |    878 |   1 | 1089.0 |
               +--------+--------+--------+--------+--------+-----+--------+

Top non-repeatable levels by time:
     D:1: 1806 daAuts
    D:10: 1476 daAuts
     D:8: 1474 daAuts
     D:4: 1331 daAuts
     D:5: 1210 daAuts
     D:6: 1157 daAuts
  Lair:2: 1146 daAuts
   Sewer: 1089 daAuts
     D:7: 1061 daAuts
  Lair:1: 994 daAuts
     D:2: 990 daAuts
    D:11: 952 daAuts
     D:3: 936 daAuts
     D:9: 907 daAuts
  Lair:3: 854 daAuts
